 Dungeon Crawl Stone Soup version 0.21.1-1-g345015f (webtiles) character file.

21669 Fang the Cleaver (level 12, -5/117 HPs)
             Began as a Gargoyle Berserker on July 24, 2018.
             Was a High Priest of Trog.
             Slain by a spiny frog (13 damage)
             ... on level 3 of the Lair of Beasts.
             The game lasted 00:23:46 (14943 turns).

Fang the Cleaver (Gargoyle Berserker)              Turns: 14943, Time: 00:23:47

Health: -5/117     AC: 22    Str: 31    XL:     12   Next: 92%
Magic:  7/7        EV: 15    Int:  8    God:    Trog [*****.]
Gold:   1048       SH:  5    Dex: 15    Spells: 11/11 levels left

rFire    . . .     SeeInvis +   F - +2 battleaxe (antimagic)
rCold    + . .     Gourm    .   (shield currently unavailable)
rNeg     + . .     Faith    .   x - +2 scale mail "Wiwk" {MP+9 Dex+6}
rPois    ∞         Spirit   .   L - +1 helmet
rElec    +         Reflect  +   (no cloak)
rCorr    .         Harm     .   q - +1 pair of gloves
MR       .....                  (no boots)
Stlth    ..........             A - +5 amulet of reflection
HPRegen  0.29/turn              y - ring of protection from cold
MPRegen  0.10/turn              C - ring of see invisible

@: berserking, very quick
A: negative energy resistance 1, electricity resistance, unbreathing,
petrification resistance, rot immunity, AC +8
a: Berserk, Trog's Hand, Brothers in Arms, Burn Spellbooks, Renounce Religion


You were on level 3 of the Lair of Beasts.
You worshipped Trog.
Trog was extremely pleased with you.
You were not hungry.

You visited 3 branches of the dungeon, and saw 16 of its levels.
You also visited: Sewer.

You collected 1048 gold pieces.

Inventory:

Hand Weapons
 a - a +2 hand axe of venom
 i - a +2 hand axe of holy wrath
 s - a +3 broad axe of draining
 v - a +1 antimagic executioner's axe
 F - a +2 antimagic battleaxe (weapon)
Missiles
 H - 4 poisoned javelins (quivered)
Armour
 q - a +1 pair of gloves (worn)
 x - the +2 scale mail "Wiwk" (worn) {MP+9 Dex+6}
   (You found it on level 9 of the Dungeon)

   It affects your dexterity (+6).
   It affects your magic capacity (+9).
 L - a +1 helmet (worn)
Jewellery
 y - a ring of protection from cold (left hand)
 A - a +5 amulet of reflection (around neck)
 C - a ring of see invisible (right hand)
Wands
 g - a wand of random effects (80)
 k - a wand of paralysis (15)
 D - a wand of polymorph (28)
 E - a wand of scattershot (11)
 K - a wand of enslavement (13)
Scrolls
 d - 6 scrolls of enchant armour
 l - a scroll of fear
 m - a scroll of vulnerability
 p - 6 scrolls of teleportation
 t - 7 scrolls of remove curse
 z - 8 scrolls of identify
 B - 2 scrolls of enchant weapon
 G - a scroll of blinking
Potions
 b - 6 potions of heal wounds
 e - a potion of magic
 f - 6 potions of curing
 h - a potion of mutation
 j - 6 potions of flight
 n - 4 potions of agility
 o - 2 potions of berserk rage
 r - 2 potions of ambrosia
 u - 3 potions of haste
 w - 2 potions of invisibility
 I - 2 potions of cancellation
Comestibles
 c - 20 rations


   Skills:
 + Level 10.5 Fighting
 + Level 14.2 Axes
 + Level 5.7 Armour
 + Level 7.3 Dodging
 + Level 5.2 Stealth


You had 11 spell levels left.
You didn't know any spells.

Dungeon Overview and Level Annotations

Branches:
Dungeon (12/15)            Temple (1/1) D:4            Lair (3/6) D:8
  Snake (0/4) Lair:2          Orc (0/2) D:11
  Swamp: Lair:2-4    Shoals: Lair:2-4

Altars:
Ashenzari
Cheibriados
Dithmenos
Elyvilon
Fedhas
Gozag
Hepliaklqana
Kikubaaqudgha
Makhleb
Nemelex Xobeh
Okawaru
Qazlal
Ru
Sif Muna
Trog
Uskayaw
Vehumet
Wu Jian
Xom
Yredelemnul
Zin
The Shining One
Beogh

Shops:
D:11 !

Annotations:
Lair:3 Snorg


Innate Abilities, Weirdness & Mutations

You are resistant to torment.
Your stone body is resilient. (AC +8)
You are immune to poison.
You resist negative energy. (rN+)
You are resistant to electric shocks. (rElec)
You can survive without breathing.
You are immune to petrification.
You are immune to rotting.


Message History

* * * LOW HITPOINT WARNING * * *
You closely miss Snorg.
Snorg is severely wounded.
You hit the spiny frog. You slash the spiny frog! You slice the yak!!
You kill the yak!
Trog accepts your kill.
You hit the yak. The spiny frog barely misses you. Snorg closely misses you.
Snorg claws you but does no damage. Snorg barely misses you.
The spiny frog closely misses you.
A yak comes into view.
The yak bellows!
You slice Snorg!!
Snorg is almost dead.
You slash the spiny frog! You slice the spiny frog!!
You kill the spiny frog!
Trog accepts your kill.
You slash the yak! You barely miss the yak.
The yak gores you but does no damage. Snorg bites you but does no damage.
Snorg barely misses you. You block Snorg's attack. The spiny frog stings you!
You die...

.........Y....
...#...........
>....#.......#..
...............#.
..$...............
..........Y.......
.........FTY......
#........Y@Y......
#.(...............
.............###..
...............#
.......<..........
..#...............
..................
................#.
................#


You could see Snorg (berserk), 5 yaks and a spiny frog.

Vanquished Creatures
  Erica (D:8)
  2 two-headed ogres
  Urug (D:11)
  The ghost of Tsarbomb the Cleaver, a novice HOMo of Okawaru (D:8)
  2 unseen horrors
  Pikel (D:4)
  An ugly thing (D:11)
  A manticore (D:11)
  Joseph (D:9)
  A black mamba (Lair:2)
  2 spiny frogs
  A yaktaur (D:11)
  A komodo dragon (Lair:2)
  Grinder (D:5)
  4 hippogriffs
  7 blink frogs (Lair:2)
  Sigmund (D:3)
  The ghost of Tsarbomb the Chopper, an amateur HOMo (D:4)
  A wyvern (D:11)
  10 yaks
  A basilisk (Lair:2)
  4 hogs (D:7)
  4 hungry ghosts
  A human (D:7)
  2 vampire mosquitoes (D:12)
  An acid dragon (D:12)
  2 water moccasins (Lair:1)
  A soldier ant (D:10)
  2 ice beasts
  A hornet zombie (D:10)
  7 orc warriors
  2 slaves (D:4)
  A black bear (D:10)
  3 sky beasts
  A necrophage (D:11)
  5 ogres
  4 phantoms
  12 centaurs
  2 crocodiles (Lair:1)
  5 big kobolds
  10 bullfrogs
  5 scorpions
  13 killer bees
  4 wights
  2 electric eels
  2 howler monkeys
  6 crimson imps
  2 bullfrog zombies
  2 quasits
  A centaur zombie (D:7)
  10 hounds
  8 orc priests
  4 centaur skeletons
  4 bullfrog skeletons
  A gnoll shaman (D:10)
  A jelly (D:7)
  11 orc wizards
  3 iguanas
  9 worker ants
  A killer bee zombie (D:10)
  2 hound zombies
  A hound skeleton (D:6)
  A worker ant zombie (D:7)
  9 gnolls
  19 adders
  2 river rats (Sewer)
  2 shadow imps
  2 oozes
  An adder zombie (D:8)
  An adder skeleton (D:6)
  3 worms
  5 dart slugs
  9 leopard geckos
  46 orcs
  4 giant cockroaches
  11 goblins
  11 hobgoblins
  24 jackals
  3 quokkas
  5 ball pythons
  13 bats
  3 frilled lizards
  23 kobolds
  A quokka zombie (D:5)
  11 rats
  2 fungi (Lair:2)
415 creatures vanquished.

Vanquished Creatures (collateral kills)
  A hydra (D:11)
  2 kobold demonologists (D:12)
  A hippogriff (D:12)
  2 vampire mosquitoes (D:12)
  An orc warrior (D:12)
  A hornet zombie (D:12)
  3 big kobolds (D:12)
  2 wights (D:11)
  An orc priest (D:12)
  An orc wizard (D:12)
  An orc (D:12)
  2 kobolds (D:12)
18 creatures vanquished.

Grand Total: 433 creatures vanquished

Notes
Turn   | Place    | Note
-------+----------+-------------------------------------------
     0 | D:1      | Fang the Gargoyle Berserker began the quest for the Orb.
     0 | D:1      | Reached XP level 1. HP: 14/14 MP: 1/1
    55 | D:1      | Reached XP level 2. HP: 13/19 MP: 2/2
    57 | D:1      | Reached skill level 3 in Axes
   446 | D:1      | Reached XP level 3. HP: 23/24 MP: 3/3
   452 | D:1      | Reached ** piety under Trog
   972 | D:2      | Reached XP level 4. HP: 2/29 MP: 4/4
  1484 | D:2      | Reached *** piety under Trog
  1646 | D:2      | Reached skill level 4 in Axes
  1652 | D:2      | Reached XP level 5. HP: 18/33 MP: 5/5
  2032 | D:3      | Noticed Sigmund
  2049 | D:3      | Killed Sigmund
  2049 | D:3      | Reached skill level 5 in Axes
  2049 | D:3      | Reached skill level 1 in Stealth
  2049 | D:3      | Reached XP level 6. HP: 23/39 MP: 6/6
  2586 | D:3      | Found a glowing drain.
  2600 | Sewer    | Entered a sewer
  2722 | Sewer    | Reached XP level 7. HP: 21/44 MP: 7/7
  2897 | Sewer    | Found a white marble altar of Elyvilon.
  3057 | D:3      | Reached **** piety under Trog
  3314 | D:4      | Noticed Pikel
  3336 | D:4      | Killed Pikel
  3336 | D:4      | Reached skill level 5 in Fighting
  3336 | D:4      | Reached skill level 6 in Axes
  3336 | D:4      | Reached XP level 8. HP: 49/49 MP: 8/8
  3505 | D:4      | Found a staircase to the Ecumenical Temple.
  3523 | Temple   | Entered the Ecumenical Temple
  3610 | D:4      | Noticed Tsarbomb's ghost (amateur HOMo)
  3625 | D:4      | Killed Tsarbomb's ghost
  3625 | D:4      | Reached skill level 7 in Axes
  3994 | D:4      | Found a blossoming altar of Fedhas.
  4065 | D:4      | Found a deep blue altar of Sif Muna.
  4265 | D:5      | Entered Level 5 of the Dungeon
  4274 | D:5      | Noticed Grinder
  4290 | D:5      | Killed Grinder
  4560 | D:5      | Reached skill level 8 in Axes
  4776 | D:5      | Reached XP level 9. HP: 49/55 MP: 9/9
  5098 | D:5      | Found a hazy altar of Hepliaklqana.
  5098 | D:5      | Found a glowing golden altar of the Shining One.
  5533 | D:6      | Found a hide-covered altar of Uskayaw.
  5568 | D:6      | Reached ***** piety under Trog
  5758 | D:6      | Received a gift from Trog
  5889 | D:6      | Reached skill level 9 in Axes
  6338 | D:6      | Reached skill level 5 in Dodging
  6473 | D:6      | Found an opulent altar of Gozag.
  6593 | D:7      | Found a bloodstained altar of Trog.
  6594 | D:7      | Found a shimmering altar of Xom.
  7054 | D:7      | Reached XP level 10. HP: 60/63 MP: 10/10
  7100 | D:7      | Found a basalt altar of Yredelemnul.
  7130 | D:7      | Reached skill level 10 in Axes
  7848 | D:8      | Found a staircase to the Lair.
  7863 | D:8      | Noticed Tsarbomb's ghost (novice HOMo)
  7875 | D:8      | Killed Tsarbomb's ghost
  8148 | D:8      | Noticed a two-headed ogre
  8158 | D:8      | Killed a two-headed ogre
  8158 | D:8      | Reached skill level 11 in Axes
  8396 | D:8      | Noticed Erica
  8415 | D:8      | Killed Erica
  8415 | D:8      | Reached XP level 11. HP: 69/69 MP: 11/11
  8893 | D:9      | Received a gift from Trog
  8919 | D:9      | Got a faintly humming scale mail
  8930 | D:9      | Identified the +2 scale mail "Wiwk" {MP+9 Dex+6} (You found it on level 9 of the Dungeon)
  9631 | D:9      | Noticed Joseph
  9643 | D:9      | Killed Joseph
  9869 | D:10     | Entered Level 10 of the Dungeon
  9871 | D:10     | You fall through a shaft for 2 floors!
  9874 | D:12     | Noticed a sixfirhy
  9885 | D:12     | Reached skill level 5 in Stealth
 10409 | D:12     | Killed an unseen horror
 10409 | D:12     | Reached skill level 12 in Axes
 10643 | D:11     | Found a staircase to the Orcish Mines.
 10643 | D:11     | Noticed a seven-headed hydra
 10647 | D:11     | Killed a seven-headed hydra
 10811 | D:11     | Found Oqetweg's Distillery.
 10880 | D:11     | Noticed a cyan ugly thing
 10892 | D:11     | Killed a cyan ugly thing
 10892 | D:11     | Reached XP level 12. HP: 77/77 MP: 7/12
 11034 | D:11     | Received a gift from Trog
 11034 | D:11     | Reached skill level 13 in Axes
 11142 | D:11     | Noticed Urug
 11158 | D:11     | Killed Urug
 11158 | D:11     | Received a gift from Trog
 11598 | D:11     | Found a radiant altar of Vehumet.
 11807 | D:10     | Reached skill level 10 in Fighting
 11878 | D:10     | Noticed a two-headed ogre
 11883 | D:10     | Killed a two-headed ogre
 12257 | D:10     | Found a basalt altar of Yredelemnul.
 12307 | D:10     | Found a roughly hewn altar of Beogh.
 12791 | Lair:1   | Entered Level 1 of the Lair of Beasts
 13883 | Lair:2   | Reached skill level 5 in Armour
 14146 | Lair:2   | Reached skill level 14 in Axes
 14510 | Lair:2   | Found a staircase to the Snake Pit.
 14923 | Lair:3   | Noticed Snorg
 14943 | Lair:3   | Slain by a spiny frog

Skill      XL: |  1  2  3  4  5  6  7  8  9 10 11 12 |
---------------+-------------------------------------+-----
Axes           | 3 4 5 6 8 9 11 12 14 | 14.2
Dodging        | 2 3 4 5 6 7 |  7.3
Fighting       | 4 5 6 7 8 9 10 | 10.5
Stealth        | 1 2 4 5 |  5.2
Armour         | 4 5 |  5.7

Action                   |  1- 3 |  4- 6 |  7- 9 | 10-12 || total
-------------------------+-------+-------+-------+-------++-------
Melee: Hand axe          |   128 |   201 |   386 |   248 ||   963
       Broad axe         |       |       |    39 |       ||    39
       Executioner's axe |       |       |       |   262 ||   262
       Battleaxe         |       |       |       |   253 ||   253
Invok: Berserk           |     1 |     3 |     5 |    13 ||    22
       Burn Spellbooks   |       |       |     2 |     2 ||     4
       Brothers in Arms  |       |       |       |     4 ||     4
  Use: Scroll            |       |     7 |    15 |     5 ||    27
       Potion            |       |       |       |     2 ||     2
 Stab: Sleeping          |       |     1 |     4 |     3 ||     8
  Eat: Chunk             |       |     6 |    14 |    29 ||    49
       Ration            |       |     1 |     3 |     4 ||     8
Armor: Animal skin       |    45 |    47 |       |       ||    92
       Robe              |       |    46 |   146 |    93 ||   285
       Scale mail        |       |       |       |   273 ||   273
Dodge: Dodged            |    76 |   168 |   239 |   589 ||  1072
Block: Other             |       |       |       |   128 ||   128
       Reflection        |       |       |       |     2 ||     2
